AoeStats
← drakilouxD

Black Forest

510093755Analyzed
2v2 RM · 3d ago on Sep 29, 2026· 35m 46s· 4 players
Game mode
Random Map
Map size
Medium (4 player)
Population
200
Speed
Normal
Resources
Standard
Victory
Conquest
Starting age
Dark Age
Ending age
Imperial Age
RankedLock teamsTeams togetherTeam positionsShared explorationLock speedFull tech treeHidden civsTurbo modeCheats
Victory
Defeat
🇨🇴 Turks · Colombia
1126
+18
🇫🇷 Britons · France
1089
+19
🇭🇺 Teutons · Hungary
1221
-20
🇩🇪 Turks · Germany
1113
-17
tacos4life198
0:59 Loom
12:41 Feudal Age
15:43 Double-Bit Axe
18:43 Castle Age
26:54 Imperial Age
25:02 Wheelbarrow
24:28 Horse Collar
25:06 Bow Saw
27:10 Hand Cart
26:49 Gold Mining
27:46 Padded Archer Armor
30:02 Ballistics
30:41 Leather Archer Armor
31:08 Gold Shaft Mining
drakilouxD
0:49 Loom
12:49 Feudal Age
19:00 Castle Age
17:31 Double-Bit Axe
20:03 Forging
29:57 Horse Collar
30:42 Bow Saw
33:12 Fletching
34:01 Heavy Plow
34:47 Ballistics
37:56 Imperial Age
35:26 Pikeman
36:07 Squires
Sigmund
0:28 Loom
14:19 Feudal Age
18:08 Castle Age
17:35 Stone Mining
20:05 Gold Mining
21:35 Gold Shaft Mining
31:00 Imperial Age
CrampusParvus
0:45 Loom
12:54 Feudal Age
13:55 Double-Bit Axe
18:17 Castle Age
16:36 Horse Collar
28:11 Wheelbarrow
30:34 Gold Mining
Connection lost

Rejoining the realm…

Still unreachable

The connection could not be restored.

Session expired

The server has moved on; the page needs a fresh start.